Workbook
Name ai_agency_name: 'Agency Info'!$D$12
Name fes_agency_name: 'Final Expenditure Summary'!$F$8
Name subtotal: '20 - Equipment'!$D$2

Sheet Instructions
A1: FS-10-F.xls INSTRUCTIONS
B3: This final expenditure report tool contains 12 worksheets – 1 for agency information, 1 for each of the 10 expense categories, and 1 for the final expenditure summary. To go to the other worksheets, click on the tabs below.
B6: Complete all of the green-shaded fields on the Local Agency Information and Final Expenditure Summary (page 12). It is very important that the agency name, address, agency code, and project number are accurate. For Special Legislative Projects and grant contracts, enter the contract number.
B8: To enter expenditure information for a particular category, select that tab and enter the required data. Dollar amounts in the Salary Paid/Amount Expended columns of the worksheets will be automatically subtotaled on the worksheets, and the subtotals will be carried over to the Final Expenditure Summary worksheet. Dollar amounts will be rounded automatically to the closest whole number. The subtotals and the Final Expenditure Summary will automatically be recalculated if the dollar amounts are changed or new information is added.
B12: Large amounts of text in the description boxes may not be completely visible. To accommodate extra text, expand the row height by dragging the line below the row number until the row is at the appropriate height.
B13: On the indirect cost category worksheet, the Maximum Direct Cost Base listed below the chart is the mathematical total of codes 15, 16, 40, 45, 46 and 80. To compute the amount in row A. - Modified Direct Cost Base, subtract the portion of each subcontract exceeding $50,000 and any flow through funds from the Maximum Direct Cost Base. Enter the agency’s indirect cost rate as a whole number plus one decimal (2.1%, for example).
B14: To save the completed report, select File / Save As, rename the file, select the appropriate location on your computer, and click OK.
B16: To preview a completed report, select File / Print and then click the Preview button.
B18: When assembling the report, please make sure that the Final Expenditure Summary (page 12) worksheet faces out.
B20: For additional information about preparing final expenditure reports, please refer to NYSED's Fiscal Guidelines for Federal and State Grants at:
B22: www.oms.nysed.gov/cafe/guidance/

Sheet Reminders
B1: FS-10-F REMINDERS / CHECKLIST
B2: Submit one report with original signature and one copy directly to Grants Finance, New York State Education Department, Room 510W EB, 89 Washington Ave., Albany, NY 12234.
B3: For State projects, final expenditure reports are due within 30 days after the project end date. Reports for federal projects are due within 90 days after the project end date. For certain programs, the Department program manager may impose an earlier due date. See the Grant Award Notice to verify the due date.
B4: After review by Grants Finance, a copy of the FS-10-F will be sent to the contact person at the address on Page 1. A window envelope will be used for the return mailing; please be sure that the contact information is accurate, legible and confined to the address field.
B5: All encumbrances must be made within the approved project funding dates, which are indicated on the approved FS-10 as well as on the Grant Award Notice. See NYSED's Fiscal Guidelines for Federal and State Grants at http://www.oms.nysed.gov/cafe/ for further information.
B6: Check your math and carry all subtotals forward to the Final Expenditure Summary (page 12). Simple mathematical errors often require disallowance of expenditure(s) or the document being returned, causing unnecessary delays in closeout and final payment.
B7: Use whole dollars only.
B8: The modified direct cost used in the calculation of indirect cost cannot include (if applicable) equipment, minor remodeling, the portion of each subcontract exceeding $50,000 and any flow-through funds.
B9: Complete the agency code and project # or contract # on page 12. For Special Legislative Projects and grant contracts, also enter the contract #.
B10: Please make sure the inside detail/subtotal matches the Final Expenditure Summary page (page 12).
B11: Please make sure the Final Expenditure Summary (page 12) faces out.

Sheet Agency Info
A1: The University of the State of New York | G1: FINAL EXPENDITURE REPORT FOR A
A2: THE STATE EDUCATION DEPARTMENT | G2: FEDERAL OR STATE PROJECT
A3: Grants Finance, Rm. 510W EB | G3: FS-10-F (06/2026)
A4: 89 Washington Ave., Albany, New York 12234
H5: = Required Field
A7: Local Agency Information
A9: Funding Source:
A10: Report Prepared By:
A12: Agency Name:
A14: Mailing Address:
D18: City | F18: State | H18: Zip Code
A20: Telephone # of Report Preparer: | F20: County:
A23: E-mail Address:
A27: FS-10-F INSTRUCTIONS
B28: The due date for the final expenditure report is listed on the Grant Award Notice (GAN). Reports for federal projects are generally due within 90 days following the end of the project. Reports for state projects are generally due within 30 days following the end of the project. However, the Department program office may impose an earlier due date.
B30: Agencies should use only the FS-10-F to report actual project expenditures. The final expenditure report should be prepared after all encumbrances have been liquidated (bills paid).
B31: Agencies must maintain complete and accurate records and may be requested to provide additional detail to support reported expenditures.
B32: Please refer to Subrecipient's Record Keeping and Retention
B33: All encumbrances must have taken place within the grant’s approved funding dates, which can be found on the FS-10 budget form and on the Grant Award Notice.
B34: The Chief Administrator’s Certification on the Final Summary page must be signed by the agency’s Chief Administrative Officer or properly authorized designee.
B36: Submit one report with original signature and one copy directly to Grants Finance, New York State Education Department, Room 510W EB, 89 Washington Ave., Albany, NY 12234.
B38: For Special Legislative Projects, submit one report with original signature and two copies, along with a final program narrative report.
B39: For further information about completing the final expenditure report, please refer to NYSED's Fiscal Guidelines for Federal and State Grants at:
B40: www.oms.nysed.gov/cafe/
B41: Contact Grants Finance at grantsweb@nysed.gov or (518) 474-4815

Sheet 15 - Prof Staff Salaries
A1: SALARIES FOR PROFESSIONAL STAFF: Code 15 Include all salaries for professional staff approved for reimbursement in budget.
A2: Subtotal - Code 15 | D2: =IF(SUM(D4:D973)>0,SUM(D4:D973),0)
A3: Name | B3: Position Title | C3: Beginning and End Dates of Employment | D3: Salary Paid

Sheet 16 - Support Staff Salaries
A1: SALARIES FOR SUPPORT STAFF: Code 16 Include all salaries for support staff approved for reimbursement in budget.
A2: Subtotal - Code 16 | D2: =IF(SUM(D4:D988)>0,SUM(D4:D988),0)
A3: Name | B3: Position Title | C3: Beginning and End Dates of Employment | D3: Salary Paid

Sheet 40 - Purchased Services
A1: PURCHASED SERVICES: Code 40 Include consultants (indicate per diem rate), rentals, tuition, and other contractual services. Copies of contracts may be requested by the State Education Department. Purchased Services from a BOCES, if other than applicant agency, should be budgeted under Purchased Services with BOCES, Code 49.
A2: Subtotal - Code 40 | D2: =IF(SUM(D4:D997)>0,SUM(D4:D997),0)
A3: Encumbrance Date | B3: Provider of Service | C3: Check or Journal Entry # | D3: Amount Expended

Sheet 45 - Supplies and Materials
A1: SUPPLIES AND MATERIALS: Code 45 Beginning with the 2025-26 year include computer software, library books and equipment items under $10,000 per unit. For earlier years, include computer software, library books and equipment items under 5,000 per unit.
A2: Subtotal - Code 45 | D2: =IF(SUM(D4:D996)>0,SUM(D4:D996),0)
A3: Purchase Order Date | B3: Vendor | C3: Check or Journal Entry # | D3: Amount Expended

Sheet 46 - Travel Expenses
A1: TRAVEL EXPENSES: Code 46 Include pupil transportation, conference costs and travel of staff between instructional sites. Specify agency approved mileage rate for travel by personal car or school-owned vehicle.
A2: Subtotal - Code 46 | E2: =IF(SUM(E4:E999)>0,SUM(E4:E999),0)
A3: Dates of Travel | B3: Name of Traveler | C3: Destination and Purpose | D3: Check or Journal Entry # | E3: Amount Expended

Sheet 80 - Employee Benefits
A1: Employee Benefits: Code 80 List only the total project salary amount for each benefit category. Benefits may only be claimed for salaries reported in Code 15 and/or Code 16. Rates used for project personnel must be the same as those used for other agency personnel.
A2: Subtotal - Code 80 | D2: =IF(SUM(D4:D985)>0,SUM(D4:D985),0)
A3: Benefit | B3: Salaries (from codes 15 and 16) | C3: Rate | D3: Amount Expended
A4: Teacher Retirement
A5: Employee Retirement
A6: Other Retirement
A7: Social Security
A8: Worker's Compensation
A9: Unemployment Insurance
A10: Health Insurance
A11: Other(Identify)

Sheet 90 - Indirect Cost
A1: INDIRECT COST: Code 90
A2: A. | B2: Modified Direct Cost Base -- Sum of all preceding subtotals (codes 15, 16, 40, 45, 46, and 80, excluding the portion of each subcontract exceeding $50,000 and any flow through funds)
A3: B. | B3: Approved Restricted Indirect Cost Rate(%) (enter X.X)
A4: C. | B4: (A) x (B) = Total Indirect Cost Subtotal - Code 90 | D4: =IF(LEN(D2)>0,D2*D3,0)
A5: For your information, maximum direct cost base = | D5: =IF(SUM('15 - Prof Staff Salaries'!D2,'16 - Support Staff Salaries'!D2,'40 - Purchased Services'!D2,'45 - Supplies and Materials'!D2,'46 - Travel Expenses'!E2,'80 - Employee Benefits'!D2)>0,SUM('15 - Prof Staff Salaries'!D2,'16 - Support Staff Salaries'!D2,'40 - Purchased Services'!D2,'45 - Supplies and Materials'!D2,'46 - Travel Expenses'!E2,'80 - Employee Benefits'!D2),0)
A6: To calculate Modified Direct Cost Base, reduce maximum direct cost base by the portion of each subcontract exceeding $50,000 and any flow through funds.

Sheet 49 - BOCES Purchased Services
A1: PURCHASED SERVICES WITH BOCES: Code 49
A2: Subtotal - Code 49 | D2: =IF(SUM(D4:D1000)>0,SUM(D4:D1000),0)
A3: Encumbrance Date | B3: Name of BOCES | C3: Check or Journal Entry # | D3: Amount Expended

Sheet 30 - Minor Remodeling
A1: MINOR REMODELING: Code 30 Allowable costs include salaries, associated employee benefits, purchased services, and supplies and materials related to alterations to existing sites.
A2: Subtotal - Code 30 | D2: =IF(SUM(D4:D1000)>0,SUM(D4:D1000),0)
A3: Purchase Order Date Or Dates of Service | B3: Provider of Service | C3: Check or Journal Entry # | D3: Amount Expended

Sheet 20 - Equipment
A1: EQUIPMENT: Code 20 Beginning with the 2025-26 year all equipment to be purchased in support of this project with a unit cost of $10,000 or more should be itemized in this category. Equipment items under $10,000 should be budgeted under Supplies and Materials, Code 45. Repairs of equipment should be budgeted under Purchased Services, Code 40. For earlier years, the threshold for reporting equipment purchases was $5,000 or more. Equipment items under $5,000 should be reported under Supplies and Materials.
A2: Subtotal - Code 20 | D2: =IF(SUM(D4:D1000)>0,SUM(D4:D1000),0)
A3: Purchase Order Date | B3: Vendor | C3: Check or Journal Entry # | D3: Amount Expended

Sheet Final Expenditure Summary
A1: FINAL EXPENDITURE REPORT SUMMARY
A2: SUBTOTAL | B2: CODE | C2: PROJECT COSTS | E2: LOCAL AGENCY INFORMATION
A3: Professional Salaries | B3: 15 | C3: =IF(ISERROR('15 - Prof Staff Salaries'!D2),"",'15 - Prof Staff Salaries'!D2) | E3: Agency Code:
A4: Support Staff Salaries | B4: 16 | C4: =IF(ISERROR('16 - Support Staff Salaries'!D2),"",'16 - Support Staff Salaries'!D2)
A5: Purchased Services | B5: 40 | C5: =IF(ISERROR('40 - Purchased Services'!D2),"",'40 - Purchased Services'!D2) | E5: Project #:
A6: Supplies and Materials | B6: 45 | C6: =IF(ISERROR('45 - Supplies and Materials'!D2),"",'45 - Supplies and Materials'!D2)
A7: Travel Expenses | B7: 46 | C7: =IF(ISERROR('46 - Travel Expenses'!E2),"",'46 - Travel Expenses'!E2) | E7: Contract # (If applicable):
A8: Employee Benefits | B8: 80 | C8: =IF(ISERROR('80 - Employee Benefits'!D2),"",'80 - Employee Benefits'!D2) | E8: Agency Name:
A9: Indirect Cost | B9: 90 | C9: =IF(ISERROR('90 - Indirect Cost'!D4),"",'90 - Indirect Cost'!D4) | E9: Funding Dates: | K9: TO
A10: BOCES Services | B10: 49 | C10: =IF(ISERROR('49 - BOCES Purchased Services'!D2),"",'49 - BOCES Purchased Services'!D2) | E10: Approved Budget Total: | H10: $
A11: Minor Remodeling | B11: 30 | C11: =IF(ISERROR('30 - Minor Remodeling'!D2),"",'30 - Minor Remodeling'!D2) | E11: ***COMPLETE ALL INFORMATION***
A12: Equipment | B12: 20 | C12: =IF(ISERROR('20 - Equipment'!D2),"",'20 - Equipment'!D2)
A13: Grand Total | C13: =IF(SUM(C3:C12)>0,SUM(C3:C12),"$0") | E13: FOR DEPARTMENT USE ONLY
A15: CHIEF ADMINISTRATOR'S CERTIFICATION I certify to the best of my knowledge and belief that the information provided herein is true, complete, and accurate. I am aware that the provision of false, fictitious, or fraudulent information, or the omission of any material fact, may subject me to criminal, civil, or administrative consequences including, but not limited to violations of U.S. Code Title 18, Sections 2, 1001, 1343 and Title 31, Sections 3729-3730 and 3801-3812. | E15: Fiscal Year | G15: Final Payment | L15: Line #
A19: / / ________________________
A20: Date Signature
E21: ____________________ | L21: ____________________
A22: Name and Title of Chief Administrative Officer | E22: Voucher # | L22: Final Payment
A27: Finance: Logged ___________ Approved _____________ MIR ____________
